 Dungeon Crawl Stone Soup version 0.24-a0-524-gf43b32f898 (webtiles) character file.

Game seed: 13229358124890969484

44804 BluebellGnoll the Grappler (level 13, -5/120 HPs)
             Began as a Troll Wizard on July 30, 2019.
             Was a High Priest of Ashenzari.
             Slain by a ghoul (20 damage)
             ... on level 1 of the Swamp on July 31, 2019.
             The game lasted 01:33:32 (16340 turns).

BluebellGnoll the Grappler (Troll Wizard)          Turns: 16340, Time: 01:33:33

Health: -5/120     AC: 11    Str: 18    XL:     13   Next: 98%
Magic:  13/20      EV: 16    Int: 18    God:    Ashenzari [*****.]
Gold:   801        SH:  0    Dex:  8    Spells: 8/23 levels left

rFire    . . .     SeeInvis +     - Unarmed
rCold    . . .     Gourm    +   (no shield)
rNeg     . . .     Faith    .   S - +2 animal skin
rPois    .         Spirit   .   b - +0 hat
rElec    .         Reflect  .   g - +0 cloak
rCorr    .         Harm     .   (gloves unavailable)
MR       .....     Clarity  +   (boots unavailable)
Stlth    +.........             M - amulet of regeneration
HPRegen  1.10/turn              X - +2 ring of protection
MPRegen  0.17/turn              N - +4 ring of evasion

@: very slightly contaminated
A: large, unfitting armour, claws 3, fast metabolism 3, gourmand, regeneration
1, screaming 1, shaggy fur 1, tough skin 3
a: Curse Item, Scrying, Transfer Knowledge, Renounce Religion


You were on level 1 of the Swamp.
You worshipped Ashenzari.
Ashenzari was extremely pleased with you.
You were full.

You visited 3 branches of the dungeon, and saw 19 of its levels.

You collected 1267 gold pieces.
You spent 466 gold pieces at shops.

Inventory:

Hand Weapons
 j - a +1 hunting sling
Missiles
 f - 3 large rocks
 p - 3 throwing nets
 C - 11 silver javelins (quivered)
 D - 71 poisoned darts
 H - 6 curare-tipped darts
 I - 22 boomerangs
Armour
 b - a +0 hat (worn)
 g - a +0 cloak (worn)
 K - a scarf of repulsion
 S - a +2 animal skin (worn)
 V - a +0 troll leather armour
Magical Staves
 e - an uncursed staff of cold
 T - an uncursed staff of fire
Jewellery
 n - an uncursed ring of ice
 z - an uncursed ring of positive energy
 M - an amulet of regeneration (around neck)
 N - a +4 ring of evasion (right claw)
 O - an uncursed ring of wizardry
 X - a +2 ring of protection (left claw)
Wands
 a - a wand of digging (6)
 s - a wand of acid (14)
 u - a wand of flame (15)
 F - a wand of iceblast (3)
 R - a wand of polymorph (10)
Scrolls
 h - 3 scrolls of magic mapping
 i - 2 scrolls of enchant weapon
 m - 11 scrolls of remove curse
 q - 8 scrolls of teleportation
 t - 7 scrolls of immolation
 w - 3 scrolls of noise
 y - 2 scrolls of enchant armour {unknown}
 A - 5 scrolls of amnesia
 E - a scroll of fear
 G - a scroll of blinking {unknown}
 U - 5 scrolls of fog
 Y - a scroll of torment {unknown}
Potions
 c - 6 potions of magic
 k - 6 potions of mutation
 l - 3 potions of agility
 o - 2 potions of ambrosia
 r - 4 potions of haste
 v - 3 potions of heal wounds
 x - a potion of brilliance
 B - a potion of berserk rage
 J - a potion of cancellation
 L - 2 potions of might
 P - 3 potions of flight
 Q - 3 potions of lignification
 W - a potion of resistance
 Z - 7 potions of curing
Comestibles
 d - 28 rations


   Skills:
 - Level 6.0 Fighting
 * Level 5.1 Throwing
 * Level 4.7 Armour
 + Level 7.4 Dodging
 - Level 1.0 Stealth
 + Level 9.7 Unarmed Combat
 + Level 5.6 Spellcasting
 * Level 5.0 Conjurations
 - Level 3.0 Hexes
 - Level 3.4 Summonings
   Level 4.0 Necromancy
 - Level 2.0 Translocations
 * Level 5.0 Transmutations
 - Level 4.1 Fire Magic
 - Level 4.0 Air Magic
 - Level 1.1 Poison Magic
 * Level 4.7 Evocations


You had 8 spell levels left.
You knew the following spells:

 Your Spells              Type           Power        Failure   Level  Hunger
a - Magic Dart            Conj           ###.         1%          1    None
b - Call Imp              Summ           ###.....     4%          2    None
c - Conjure Flame         Conj/Fire      ###.....     5%          3    ##.....
g - Mephitic Cloud        Conj/Pois/Air  ###.....     10%         3    ##.....
x - Blink                 Tloc           N/A          9%          2    None
A - Confusing Touch       Hex            ###...       3%          1    None
P - Ignite Poison         Fire/Tmut/Pois ###.....     9%          3    ##.....

Your spell library contained the following spells:

 Spells                   Type           Power        Failure   Level  Hunger
 Sublimation of Blood     Necr           ###.......   3%          2    None
 Slow                     Hex            ###.....     5%          2    None
 Poisonous Vapours        Pois/Air       ##....       7%          2    None
 Confuse                  Hex            ###.....     11%         3    ##.....
 Gell's Gravitas          Tloc           ##........   16%         3    ##.....
 Petrify                  Tmut/Erth      ##......     41%         4    ####...
 Irradiate                Conj/Tmut      ###.......   41%         5    #####..
 Yara's Violent Unravell  Hex/Tmut       ###.......   54%         5    #####..
 Venom Bolt               Conj/Pois      ###.......   67%         5    #####..
 Alistair's Intoxication  Tmut/Pois      ###.....     69%         5    #####..
 Bolt of Magma            Conj/Fire/Erth ###.......   69%         5    #####..
 Iskenderun's Battlesphe  Conj/Chrm      ##......     77%         5    #####..
 Metabolic Englaciation   Hex/Ice        ##........   88%         5    #####..
 Freezing Cloud           Conj/Ice/Air   ###.......   99%         6    #######
 Iron Shot                Conj/Erth      ##........   100%        6    #######
 Orb of Destruction       Conj           ###.......   100%        7    #######
 Ring of Flames           Chrm/Fire      ##........   100%        7    #######
 Spellforged Servitor     Conj/Summ      ###.......   100%        7    #######


Dungeon Overview and Level Annotations

Branches:
Dungeon (13/15)            Temple (0/1) D:5            Lair (5/6) D:9
  Swamp (1/4) Lair:3       Spider (0/4) Lair:4        Slime (0/5) Lair:5
    Orc (0/2) D:9
 Vaults: D:13-14

Altars:
Ashenzari
Cheibriados
Dithmenos
Elyvilon
Fedhas
Nemelex Xobeh
Okawaru
Ru
Trog
Uskayaw
Vehumet
Wu Jian
Jiyva

Shops:
D:11 }   D:12 ?}

Annotations:
D:13 prcrtr's ghost, journeyman FoAK
Lair:5 1 runed translucent door, Nessos


Innate Abilities, Weirdness & Mutations

You are too large for most types of armour.
You have claws for hands.
Your metabolism is lightning-fast.
You like to eat raw meat.
Your natural rate of healing is unusually fast.
You are covered in fur. (AC +1)
You have extremely tough skin. (AC +3)
You occasionally shout uncontrollably at your foes.


Message History

The ghoul barely misses you.
Evoke which item? (* to show all) (? for menu, Esc to quit)
Aiming: Corrosive Bolt
Press: ? - help, Shift-Dir - straight line, f/p - ghoul
Aim: a ghoul (severely damaged)
The bolt of acid hits the ghoul!
The ghoul is splashed with acid.
The acid corrodes the ghoul!
The ghoul is severely damaged.
The ghoul claws you!
* * * LOW HITPOINT WARNING * * *
The ghoul closely misses you.
Evoke which item? (* to show all) (? for menu, Esc to quit)
Aiming: Corrosive Bolt
Press: ? - help, Shift-Dir - straight line, f/p - ghoul
Aim: a ghoul (severely damaged, covered in acid)
The bolt of acid hits the ghoul!!
The ghoul is splashed with acid.
The ghoul seems to be corroded for longer.
The ghoul is almost destroyed.
The ghoul misses you. The ghoul claws you!!
You die...

♣.≈≈≈≈≈..≈ , ,** *≈..)..≈,≈
,,, ,, , ,,** ♣♣♣♣♣ *♣≈≈≈♣ **
,,, ,, , * ♣.≈.♣ ♣.≈♣ * ,≈,,
≈ ≈, ♣.≈≈♣♣♣♣..♣ , ,,* , ≈ ≈
♣....♣≈≈(≈♣♣ * ** *** , , ,
♣♣♣♣....≈(..♣♣♣♣♣♣ ♣♣♣♣♣**, ,
♣≈..≈≈≈≈.≈≈..§≈≈≈♣♣ ♣≈≈≈♣♣
**≈ ≈
♣♣....≈≈≈≈≈≈...n@.♣♣♣≈≈≈.♣ *
≈≈≈
♣...≈≈≈≈≈≈≈≈≈≈.♣≈.≈≈≈≈≈≈♣* *
∆ ♣♣≈..≈≈≈≈≈≈≈≈≈.♣♣.≈≈≈≈.♣♣
*, ♣
♣♣♣♣..†≈≈≈≈≈≈≈♣♣.......♣♣♣♣♣,
♣
♣♣..≈≈.≈≈≈≈.♣≈♣♣♣....≈.≈♣♣♣♣
♣♣.≈≈.≈≈≈≈.≈≈♣♣♣..≈.....♣.≈ *
♣♣....≈≈..≈≈.♣♣♣..≈≈≈..≈≈≈
,,* ♣♣≈..≈≈≈♣.≈≈♣ ♣≈.≈≈≈.....
, ♣♣♣..≈≈....♣ ♣♣.≈≈..♣♣♣♣


You could see a ghoul.

Vanquished Creatures
  A minotaur (D:13)
  3 hydras
  2 centaur warriors (D:13)
  2 catoblepae
  5 two-headed ogres
  2 alligators (Swamp:1)
  Nergalle (Lair:3)
  A slime creature (Swamp:1)
  A deep elf mage (D:13)
  2 black mambas
  A cyclops (D:11)
  Maurice (D:10)
  Joseph (Lair:1)
  A water nymph (shapeshifter) (D:13)
  The ghost of Bapho the Skirmisher, a novice DsGl of Okawaru (D:5)
  A gargoyle (D:13)
  8 spiny frogs
  2 rime drakes
  2 kobold demonologists (D:13)
  4 trolls
  2 tyrant leeches
  A polar bear (Lair:3)
  A hornet (D:10)
  Grinder (D:4)
  5 bog bodies (Swamp:1)
  7 hippogriffs
  21 blink frogs
  A meliai zombie (D:12)
  4 shadows (Swamp:1)
  27 yaks
  2 basilisks
  2 wyverns
  3 hungry ghosts
  Eustachio (D:6)
  Grum (D:8)
  A steam dragon (Lair:2)
  6 vampire mosquitoes (D:13)
  A soldier ant (D:13)
  A swamp worm (Swamp:1)
  6 water moccasins
  10 porcupines
  2 two-headed ogre zombies (D:9)
  6 orc warriors
  Purgy (D:4)
  3 black bears
  2 swamp drakes (Swamp:1)
  An eye of draining (D:10)
  3 ice beasts
  9 ogres
  2 phantoms
  4 sky beasts
  16 centaurs
  A necrophage (D:7)
  10 wolves
  6 crocodiles
  6 big kobolds
  Blork the orc (D:5)
  18 bullfrogs
  5 scorpions
  A wyvern skeleton (D:8)
  3 killer bees (D:8)
  A troll zombie (D:9)
  4 crimson imps
  5 howler monkeys
  4 bullfrog zombies
  A centaur zombie (D:6)
  2 quasits
  4 jellies
  6 hounds
  9 orc priests
  A bullfrog skeleton (D:5)
  5 orc wizards
  5 centaur skeletons
  2 iguanas
  13 worker ants
  5 ogre zombies (D:9)
  A hound zombie (D:6)
  A worker ant zombie (D:4)
  16 gnolls
  6 adders
  2 shadow imps
  An ooze (D:4)
  An adder zombie (D:5)
  An adder skeleton (D:4)
  3 dart slugs
  A worm (D:5)
  2 leopard geckos (D:2)
  42 orcs
  5 giant cockroaches
  6 goblins
  3 hobgoblins
  5 jackals
  15 kobolds
  2 quokkas
  8 bats
  10 frilled lizards
  2 giant cockroach zombies
  2 goblin skeletons (D:9)
  A goblin zombie (D:9)
  3 hobgoblin skeletons (D:9)
  3 hobgoblin zombies (D:9)
  A jackal zombie (D:9)
  2 orc skeletons (D:9)
  14 orc zombies (D:9)
  A quokka skeleton (D:5)
  5 rats
  A bush (D:3)
  2 fungi
481 creatures vanquished.

Vanquished Creatures (collateral kills)
  A scorpion (D:6)
  A jelly (D:6)
  A worker ant (D:4)
  A gnoll (D:4)
  A leopard gecko (D:5)
5 creatures vanquished.

Vanquished Creatures (others)
  3 fungi
  2 plants
  14 withered plants (Swamp:1)
19 creatures vanquished.

Grand Total: 505 creatures vanquished

Notes
Turn   | Place    | Note
-------+----------+-------------------------------------------
     0 | D:1      | BluebellGnoll the Troll Wizard began the quest for the Orb.
     0 | D:1      | Reached XP level 1. HP: 16/16 MP: 2/2
   257 | D:1      | Reached skill level 1 in Unarmed Combat
   337 | D:1      | Reached XP level 2. HP: 21/24 MP: 4/4
   341 | D:1      | Learned a level 2 spell: Blink
   669 | D:1      | Reached skill level 2 in Unarmed Combat
   874 | D:2      | Reached XP level 3. HP: 31/31 MP: 0/5
   941 | D:1      | Reached skill level 3 in Unarmed Combat
   955 | D:2      | Learned a level 3 spell: Conjure Flame
  1326 | D:2      | Found a shattered altar of Ashenzari.
  1335 | D:2      | Became a worshipper of Ashenzari the Shackled
  1471 | D:3      | Reached XP level 4. HP: 39/39 MP: 4/6
  1756 | D:3      | Reached skill level 1 in Conjurations
  1817 | D:3      | Reached skill level 1 in Translocations
  1911 | D:3      | Reached skill level 4 in Unarmed Combat
  2006 | D:3      | Reached XP level 5. HP: 44/45 MP: 3/7
  2010 | D:3      | Learned a level 2 spell: Call Imp
  2369 | D:4      | Found a hide-covered altar of Uskayaw.
  2369 | D:4      | Found an iron altar of Okawaru.
  2370 | D:4      | Found a shadowy altar of Dithmenos.
  2493 | D:4      | Found a radiant altar of Vehumet.
  2493 | D:4      | Found a bloodstained altar of Trog.
  2493 | D:4      | Found a sacrificial altar of Ru.
  2493 | D:4      | Noticed a yak
  2495 | D:4      | Noticed a centaur
  2500 | D:4      | Found a transporter.
  2515 | D:4      | Found a transporter.
  2554 | D:4      | Reached XP level 6. HP: 32/53 MP: 8/8
  2592 | D:4      | Found an ornate altar of the Wu Jian Council.
  2619 | D:4      | Found a white marble altar of Elyvilon.
  2676 | D:4      | Reached skill level 5 in Unarmed Combat
  2832 | D:4      | Noticed Purgy
  2853 | D:4      | Killed Purgy
  2862 | D:4      | Found a snail-covered altar of Cheibriados.
  2876 | D:4      | Noticed Grinder
  2899 | D:4      | Killed Grinder
  2899 | D:4      | Reached XP level 7. HP: 37/59 MP: 3/10
  2904 | D:4      | Learned a level 3 spell: Mephitic Cloud
  3059 | D:4      | Reached skill level 6 in Unarmed Combat
  3122 | D:4      | Reached * piety under Ashenzari
  3260 | D:4      | Killed a yak
  3311 | D:4      | Reached XP level 8. HP: 50/67 MP: 11/11
  3316 | D:4      | Reached skill level 1 in Air Magic
  3385 | D:5      | Entered Level 5 of the Dungeon
  3398 | D:5      | Found a transporter.
  3398 | D:5      | Found a staircase to the Ecumenical Temple.
  3434 | D:5      | Noticed Bapho's ghost (novice DsGl)
  3522 | D:5      | Noticed Blork the orc
  3573 | D:5      | Killed Blork the orc
  3575 | D:5      | Reached skill level 1 in Fire Magic
  3608 | D:5      | Found a transporter.
  3663 | D:5      | Reached XP level 9. HP: 83/83 MP: 13/13
  3748 | D:5      | Killed Bapho's ghost
  4193 | D:6      | HP: 4/83 [scorpion (6)]
  4425 | D:6      | Reached XP level 10. HP: 62/91 MP: 2/14
  4682 | D:6      | Noticed Eustachio
  4808 | D:6      | Killed Eustachio
  4808 | D:6      | Reached skill level 5 in Dodging
  5312 | D:7      | Learned a level 1 spell: Confusing Touch
  5846 | D:8      | Found a sparkling altar of Nemelex Xobeh.
  6146 | D:8      | Reached ** piety under Ashenzari
  6233 | D:8      | Noticed a two-headed ogre
  6280 | D:8      | Killed a two-headed ogre
  6280 | D:8      | Reached skill level 1 in Poison Magic
  6280 | D:8      | Reached skill level 1 in Evocations
  6413 | D:8      | Noticed Grum
  6457 | D:8      | Reached skill level 1 in Hexes
  6558 | D:8      | Killed Grum
  6841 | D:9      | Found a blossoming altar of Fedhas.
  7011 | D:9      | Found a staircase to the Orcish Mines.
  7040 | D:9      | Reached skill level 1 in Throwing
  7083 | D:9      | Reached XP level 11. HP: 98/98 MP: 4/16
  7183 | D:9      | Noticed a two-headed ogre
  7298 | D:9      | Killed a two-headed ogre
  7459 | D:9      | Found a staircase to the Lair.
  7727 | D:10     | Entered Level 10 of the Dungeon
  7764 | D:10     | Noticed a two-headed ogre
  7783 | D:10     | Killed a two-headed ogre
  7852 | D:10     | Noticed Maurice
  7865 | D:10     | Killed Maurice
  8599 | D:11     | Reached skill level 1 in Armour
  8605 | D:11     | Noticed a two-headed ogre
  8615 | D:11     | Killed a two-headed ogre
  8646 | D:11     | Found Zexuzov's Gadget Boutique.
  8939 | D:11     | Noticed a seven-headed hydra
  8985 | D:11     | HP: 5/101 [nine-headed hydra (11)]
  8985 | D:11     | HP: 1/101 [nine-headed hydra (4)]
  8986 | D:11     | Killed a nine-headed hydra
  9099 | D:11     | Reached skill level 5 in Conjurations
  9329 | D:12     | Found Terobof's Magic Scroll Shop.
  9341 | D:12     | Bought a scroll of identify for 30 gold pieces
  9341 | D:12     | Bought a scroll of magic mapping for 52 gold pieces
  9341 | D:12     | Bought a scroll of random uselessness for 15 gold pieces
  9341 | D:12     | Bought a scroll of immolation for 52 gold pieces
  9341 | D:12     | Bought a scroll of remove curse for 45 gold pieces
  9341 | D:12     | Bought a scroll of immolation for 52 gold pieces
  9348 | D:12     | Found Moirowimi's Gadget Boutique.
  9356 | D:12     | Bought a wand of digging (6) for 220 gold pieces
  9453 | D:12     | Reached *** piety under Ashenzari
  9895 | D:12     | Reached XP level 12. HP: 109/109 MP: 14/18
  9900 | D:12     | Learned a level 3 spell: Ignite Poison
 10138 | D:13     | Noticed prcrtr's ghost (journeyman FoAK)
 10138 | D:13     | Noticed a minotaur
 10313 | D:13     | Noticed a two-headed ogre
 10340 | D:13     | Killed a two-headed ogre
 10380 | D:13     | Noticed a centaur warrior
 10427 | D:13     | Killed a centaur warrior
 10482 | D:13     | Noticed an eight-headed hydra
 10518 | D:13     | Killed an eight-headed hydra
 10518 | D:13     | Reached skill level 5 in Fighting
 10623 | D:13     | Noticed a centaur warrior
 10667 | D:13     | Killed a centaur warrior
 10667 | D:13     | Reached skill level 7 in Unarmed Combat
 10667 | D:13     | Reached skill level 5 in Spellcasting
 11009 | D:13     | Noticed Sonja
 11021 | D:13     | Noticed Sonja
 11021 | D:13     | Sonja changed into Sonja the basilisk
 11046 | D:13     | Killed Sonja the basilisk
 11143 | D:13     | Reached **** piety under Ashenzari
 11143 | D:13     | Found a runed translucent gate.
 11143 | D:13     | Found a runed translucent gate.
 11143 | D:13     | Found a runed translucent gate.
 11439 | D:13     | Gained mutation: You occasionally shout uncontrollably at
                  | your foes. [a shining eye]
 11562 | D:13     | Killed a minotaur
 11846 | Lair:1   | Entered Level 1 of the Lair of Beasts
 12239 | Lair:1   | Noticed a six-headed hydra
 12264 | Lair:1   | a six-headed hydra changed into a tyrant leech
 12379 | Lair:1   | Noticed Joseph
 12386 | Lair:1   | Killed Joseph
 12663 | Lair:2   | Noticed a catoblepas
 12681 | Lair:2   | Noticed a catoblepas
 12809 | Lair:1   | Killed a catoblepas
 12809 | Lair:1   | Reached skill level 8 in Unarmed Combat
 12809 | Lair:1   | Reached XP level 13. HP: 31/119 MP: 5/19
 13166 | Lair:2   | Reached ***** piety under Ashenzari
 13468 | Lair:3   | Noticed Nergalle
 13514 | Lair:3   | Killed Nergalle
 13878 | Lair:3   | Found a staircase to the Swamp.
 14717 | Lair:4   | Found a hole to the Spider Nest.
 14741 | Lair:4   | Reached skill level 9 in Unarmed Combat
 15429 | Lair:5   | Found a runed translucent door.
 15433 | Lair:5   | Found a viscous altar of Jiyva.
 15434 | Lair:5   | Found a staircase to the Slime Pits.
 15434 | Lair:5   | Noticed an azure jelly
 15572 | Lair:5   | Noticed Nessos
 15675 | Lair:5   | Reached skill level 5 in Transmutations
 15961 | Lair:3   | Upgraded the game from 0.24-a0-521-g122614bf49 to
                  | 0.24-a0-524-gf43b32f898
 15962 | Swamp:1  | Entered Level 1 of the Swamp
 16145 | Swamp:1  | Reached skill level 5 in Throwing
 16311 | Swamp:1  | Noticed a ghoul
 16340 | Swamp:1  | Slain by a ghoul

Levels and vault maps discovered:
D:1:      wander_arrival_fairy_ring, layout_loops_cross
D:2:      layout_loops_ring, lemuel_coloured_pillars_altar
D:3:      layout_loops_ring, serial_forest, infiniplex_forest_lined_2,
          infiniplex_forest_straight_4, infiniplex_forest_end_1,
          infiniplex_forest_lined_4_way, infiniplex_forest_end_1,
          infiniplex_forest_lined_2, infiniplex_forest_side_room
D:4:      layout_loops_ring, nicolae_overflow_crystal_walls, kennysheep_mini,
          gammafunk_temple_overflow_arena, nicolae_overflow_quartered_altars,
          first_ration, uniq_grinder, uniq_purgy
D:5:      layout_rooms, temple_fountains, gammafunk_ghost_arena,
          grunt_decor_resistance, uniq_blork_the_orc
D:6:      layout_basic, uniq_eustachio
D:7:      layout_rooms
D:8:      layout_layer_cave, lemuel_crystal_altar, uniq_grum
D:9:      layout_loops_ring, fedhas_ov_isle_minmay, zombieorc2_lemuel
D:10:     layout_roguey, grunt_decor_one_mirror, uniq_maurice
D:11:     layout_roguey, serial_shops, shop
D:12:     layout_cave_pods, serial_shops, shop, shop
D:13:     layout_basic, maelrawn_ghost_gauntlet_escape, uniq_sonja
Lair:1:   layout_regular_city, grunt_megastairs_4, lemuel_fruit_fields,
          uniq_joseph
Lair:2:   layout_chaotic_city
Lair:3:   layout_roguey, swamp_mist, uniq_nergalle
Lair:4:   layout_regular_city, dummy_spider_entry
Lair:5:   layout_cave_shapes, slime_altar_2, infiniplex_staircase_pool_2,
          serial_bayou_shore_b, uniq_nessos
Swamp:1:  layout_basic_swamp, evilmike_swamp_ruin_house_5, st_shrine_of_shade

Skill      XL: |  1  2  3  4  5  6  7  8  9 10 11 12 13 |
---------------+----------------------------------------+-----
Unarmed Combat | 1 2 3 4 5 6 8 9 |  9.7
Conjurations   | 1 2 3 5 |  5.0
Translocations | 1 2 |  2.0
Dodging        | 2 3 4 5 6 7 |  7.4
Spellcasting   | 3 4 5 |  5.6
Air Magic      | 3 4 |  4.0
Fire Magic     | 3 4 |  4.1
Fighting       | 3 4 5 6 |  6.0
Summonings     | 3 |  3.4
Necromancy     | 4 |  4.0
Transmutations | 3 4 5 |  5.0
Poison Magic   | 1 |  1.1
Evocations     | 1 2 3 4 |  4.7
Hexes          | 1 2 3 |  3.0
Throwing       | 1 2 3 5 |  5.1
Armour         | 1 3 4 |  4.7
Stealth        | |  1.0

Action                   |  1- 3 |  4- 6 |  7- 9 | 10-12 | 13-15 || total
-------------------------+-------+-------+-------+-------+-------++-------
Melee: Unarmed           |    49 |   215 |   222 |   953 |   397 ||  1836
       Punch             |     1 |     3 |     6 |    28 |    14 ||    52
Throw: Stone             |     1 |       |     4 |     2 |       ||     7
       Boomerang         |       |       |       |    11 |       ||    11
       Dart              |       |       |       |     2 |     1 ||     3
       Javelin           |       |       |       |       |     5 ||     5
 Cast: Magic Dart        |    35 |    37 |    27 |    94 |     4 ||   197
       Call Imp          |       |     6 |     8 |     2 |       ||    16
       Conjure Flame     |       |     1 |     3 |    22 |     6 ||    32
       Mephitic Cloud    |       |       |     9 |    86 |    57 ||   152
       Ignite Poison     |       |       |       |    12 |    17 ||    29
       Blink             |       |       |       |     1 |       ||     1
       Confusing Touch   |       |       |       |     1 |       ||     1
Evoke: Wand              |       |     1 |     1 |    24 |     8 ||    34
  Use: Scroll            |     3 |     1 |     8 |    11 |     1 ||    24
       Potion            |       |     1 |     7 |     5 |       ||    13
 Stab: Sleeping          |     2 |     3 |     1 |     1 |     1 ||     8
       Paralysed         |       |     9 |     1 |    12 |       ||    22
       Confused          |       |       |     3 |    34 |    19 ||    56
       Invisible         |       |       |       |     2 |       ||     2
  Eat: Chunk             |    16 |    18 |    16 |    85 |    41 ||   176
Armor: Robe              |    14 |    33 |    68 |    46 |       ||   161
       Animal skin       |       |       |       |   128 |    64 ||   192
       Troll leather arm |       |       |       |       |     6 ||     6
Dodge: Dodged            |    20 |    69 |   149 |   794 |   291 ||  1323

Table legend:
 A = Non-vault XP
 B = Vault XP
 C = Vault XP percentage of total XP
 D = Non-vault monster count
 E = Vault monster count
 F = Vault count percentage of total count
                 A         B        C        D         E       F
            +---------+---------+-------+---------+---------+-------
      Total |   51890 |   10071 |  16.3 |     410 |      73 |  15.1
            +---------+---------+-------+---------+---------+-------
        D:1 |      45 |       0 |   0.0 |      12 |       0 |   0.0
        D:2 |      50 |       0 |   0.0 |      16 |       0 |   0.0
        D:3 |     145 |       0 |   0.0 |      25 |       0 |   0.0
        D:4 |     549 |     813 |  59.7 |      27 |       7 |  20.6
        D:5 |     765 |     549 |  41.8 |      19 |       6 |  24.0
        D:6 |    1563 |     182 |  10.4 |      36 |       1 |   2.7
        D:7 |     906 |       0 |   0.0 |      17 |       0 |   0.0
        D:8 |    1841 |     617 |  25.1 |      28 |       5 |  15.2
        D:9 |    1455 |     879 |  37.7 |      13 |      35 |  72.9
       D:10 |    3260 |     469 |  12.6 |      12 |       1 |   7.7
       D:11 |    4977 |       0 |   0.0 |      31 |       0 |   0.0
       D:12 |    1050 |       0 |   0.0 |      11 |       0 |   0.0
       D:13 |    9566 |    2563 |  21.1 |      54 |       5 |   8.5
     Lair:1 |    3007 |    1285 |  29.9 |      15 |       4 |  21.1
     Lair:2 |    2947 |       0 |   0.0 |      10 |       0 |   0.0
     Lair:3 |    8058 |     800 |   9.0 |      40 |       1 |   2.4
     Lair:4 |    2432 |       0 |   0.0 |       9 |       0 |   0.0
     Lair:5 |    5921 |       0 |   0.0 |      27 |       0 |   0.0
    Swamp:1 |    3353 |    1914 |  36.3 |       8 |       8 |  50.0
            +---------+---------+-------+---------+---------+-------
